 Dungeon Crawl Stone Soup version 0.17-a0-910-ga669010 (webtiles) character file.

23 Lokkij the Gusty (level 3, -5/19 HPs)
             Began as a Tengu Air Elementalist on May 2, 2015.
             Slain by Crazy Yiuf
             ... wielding a +4 quarterstaff of chaos
              (10 damage)
             ... on level 2 of the Dungeon.
             The game lasted 00:02:46 (854 turns).

Lokkij the Gusty (Tengu Air Elementalist)            Turns: 854, Time: 00:02:46

Health: -5/19      AC:  2    Str:  8    XL:     3   Next: 0%
Magic:  5/7        EV: 14    Int: 16    God:
Gold:   69         SH:  0    Dex: 14    Spells: 3 memorised, 2 levels left

rFire  . . .     SeeInvis .     h - +0 mace
rCold  . . .     Clarity  +     a - +0 robe
rNeg   . . .     SustAb   .     (no shield)
rPois  .         Gourm    .     (helmet restricted)
rElec  .         Spirit   .     (no cloak)
rCorr  .         Warding  .     (no gloves)
rMut   .         Stasis   .     (boots unavailable)
MR     .....                    m - amulet of clarity
Stlth  ++........               (no ring)
                                o - +2 ring of evasion

@: swift, very slightly contaminated, repel missiles, very quick, not resistant
to hostile enchantments, unstealthy
A: beak, talons 3
a: no special abilities


You were on level 2 of the Dungeon.
You were not hungry.

You visited 1 branch of the dungeon, and saw 2 of its levels.

You collected 69 gold pieces.

Inventory:

Hand weapons
 h - a +0 mace (weapon)
Armour
 a - a +0 robe (worn)
Jewellery
 m - an amulet of clarity (around neck)
 o - a +2 ring of evasion (left hand)
Scrolls
 d - a scroll of fog {unknown}
 e - a scroll of blinking {unknown}
 j - a scroll of magic mapping {unknown}
 k - a scroll of amnesia {unknown}
 n - a scroll of noise {unknown}
Potions
 g - a potion of curing {unknown}
 i - a potion of cancellation {unknown}
Books
 b - a book of Air

   Spells                             Type                      Level
   a - Shock                          Conjuration/Air              1
   b - Swiftness                      Charms/Air                   2
   c - Repel Missiles                 Charms/Air                   2
   d - Flight                         Charms/Air                   3
   e - Static Discharge               Conjuration/Air              3
   f - Lightning Bolt                 Conjuration/Air              5
Comestibles
 c - 3 bread rations
 l - 2 chunks of flesh


   Skills:
 - Level 2.1 Dodging
 - Level 2.0 Stealth
 + Level 2.5 Spellcasting
 + Level 2.1 Conjurations
 + Level 4.5 Air Magic


You had 2 spell levels left.
You knew the following spells:

 Your Spells              Type           Power        Failure   Level  Hunger
a - Shock                 Conj/Air       ##..         8%          1    #......
b - Swiftness             Chrm/Air       #.......     14%         2    ##.....
z - Repel Missiles        Chrm/Air       #.....       14%         2    ##.....


Dungeon Overview and Level Annotations

Branches:
Dungeon (2/15)

Altars:

Annotations:
D:2 Crazy Yiuf


Innate Abilities, Weirdness & Mutations

You have a beak for a mouth.
You have claws for feet.


Message History

The zap hits Crazy Yiuf.
Crazy Yiuf is heavily wounded.
Casting: Shock
Confirm with . or Enter, or press ? or * to list all spells.
Aiming: Shock
Press: ? - help, Shift-Dir - straight line, f/p - Crazy Yiuf
Aim: Crazy Yiuf, wielding a quarterstaff of chaos and wearing a cloak (heavily wounded, unusually agile)
The zap misses Crazy Yiuf.
Crazy Yiuf hits you with a quarterstaff of chaos!
* * * LOW HITPOINT WARNING * * *
Drink which item? (? for menu, Esc to quit)
It was a potion of magic.
Magic courses through your body. Crazy Yiuf barely misses you.
Crazy Yiuf whimpers, "Seed Orb Guardian hand!"
Casting: Shock
Confirm with . or Enter, or press ? or * to list all spells.
You feel quick.
Crazy Yiuf hits you with a quarterstaff of chaos!
Ouch! That really hurt!
You die...

♣♣♣♣♣### ♣♣♣.♣..#.###
####### ♣..♣.g@....##
#>....#
#.....♣♣♣♣.......###.....#
#)..# ♣♣.#............#
### ♣♣##...###.(...# #...#
#.....# #.#.# ###.#####
###.# #.....# #.# #####.#
..# #.#


You could see Crazy Yiuf.

Vanquished Creatures
  An adder (D:2)
  A giant gecko (D:1)
  4 goblins (D:1)
  4 bats (D:1)
  2 giant newts (D:1)
  2 jackals (D:1)
  2 rats (D:1)
16 creatures vanquished.

Notes
Turn   | Place    | Note
--------------------------------------------------------------
     0 | D:1      | Lokkij, the Tengu Air Elementalist, began the quest for the Orb.
     0 | D:1      | Reached XP level 1. HP: 10/10 MP: 4/4
   187 | D:1      | Reached XP level 2. HP: 15/15 MP: 4/6
   657 | D:2      | Reached XP level 3. HP: 15/19 MP: 0/7
   757 | D:2      | Learned a level 2 spell: Swiftness
   760 | D:2      | Learned a level 2 spell: Repel Missiles
   839 | D:2      | Noticed Crazy Yiuf
   854 | D:2      | Slain by Crazy Yiuf

Action                   || total
-------------------------++-------
Melee: Unarmed           ||     8
       Mace              ||     8
 Cast: Shock             ||    35
       Repel Missiles    ||     1
       Swiftness         ||     1
  Use: Potion            ||     1
 Stab: Sleeping          ||     1
